 Dungeon Crawl Stone Soup version 0.18.1-48-g4cf74bf (webtiles) character file.

101 Galewin the Chopper (level 4, 0/58 HPs)
             Began as a Minotaur Berserker on Aug 5, 2016.
             Was a Believer of Trog.
             Killed by divine providence
             ... invoked by an orc priest
              (11 damage)
             ... on level 3 of the Dungeon.
             The game lasted 00:02:22 (1336 turns).

Galewin the Chopper (Minotaur Berserker)            Turns: 1336, Time: 00:02:22

Health: 0/58       AC:  8    Str: 28    XL:     4   Next: 48%
Magic:  3/3        EV: 10    Int:  4    God:    Trog [**....]
Gold:   79         SH:  0    Dex:  9    Spells: 0 memorised, 3 levels left

rFire  . . .     SeeInvis .     a - +0 hand axe
rCold  . . .     Gourm    .     i - +0 scale mail
rNeg   . . .     Faith    .     (no shield)
rPois  .         Spirit   .     (helmet restricted)
rElec  .         Dismiss  .     u - +0 cloak
rCorr  .         Reflect  .     (no gloves)
SustAt .         Harm     .     h - +0 pair of boots
MR     .....                    (no amulet)
Stlth  ..........               (no ring)
                                (no ring)

@: berserking, lethally poisoned (0 -> -10), very quick, not resistant to
hostile enchantments, extremely unstealthy
A: retaliatory headbutt, horns 2
a: Berserk, Trog's Hand, Burn Spellbooks, Renounce Religion


You were on level 3 of the Dungeon.
You worshipped Trog.
Trog was pleased with you.
You were hungry.

You visited 1 branch of the dungeon, and saw 3 of its levels.

You collected 79 gold pieces.

Inventory:

Hand Weapons
 a - a +0 hand axe (weapon)
Armour
 h - a +0 pair of boots (worn)
 i - a +0 scale mail (worn)
 u - a +0 cloak (worn)
Jewellery
 s - an uncursed amulet of guardian spirit {unknown}
 t - a cursed ring of teleportation {unknown}
Scrolls
 f - a scroll of noise {unknown}
 g - a scroll of fog {unknown}
 j - a scroll of blinking {unknown}
 n - a scroll of magic mapping {unknown}
 o - a scroll of identify {unknown}
 p - a scroll of immolation {unknown}
 q - 2 scrolls of remove curse {unknown}
Potions
 b - a potion of curing {unknown}
 d - 2 potions of brilliance {unknown}
 e - a potion of invisibility {unknown}
 k - a potion of agility {unknown}
 l - a potion of degeneration {unknown}
 v - a potion of heal wounds {unknown}
Comestibles
 c - 2 bread rations
 m - a slice of pizza
 r - a royal jelly
 w - a chunk of flesh


   Skills:
 - Level 3.6 Fighting
 + Level 6.4 Axes
 - Level 2.4 Armour
 - Level 2.1 Dodging


You had 3 spell levels left.
You didn't know any spells.

Dungeon Overview and Level Annotations

Branches:
Dungeon (3/15)

Altars:
Pakellas


Innate Abilities, Weirdness & Mutations

You reflexively headbutt those who attack you in melee.
You have a pair of horns on your head.


Message History

The orc is heavily wounded.
You feel sick. The orc barely misses you. You furiously retaliate!
You headbutt the orc, but do no damage. You hit the orc.
You kill the orc!
Trog accepts your kill.
You feel sick.
You closely miss the orc priest.
You feel sick. The orc priest barely misses you.
You are feeling hungry.
You barely miss the orc priest.
You feel sick. The orc priest hits you with a flail.
* * * LOW HITPOINT WARNING * * *
You are too injured to fight recklessly!
A red film seems to cover your vision as you go berserk!
You feel yourself moving faster!
You feel mighty!
You feel somewhat more hungry.
You feel sick.
The orc priest mumbles some strange prayers to Beogh against you.
Beogh smites you!
You die...

.>.#####<.###.##.......#
#..###.##.......#
#......##########
##.####### #.......#
#.#####.# ###.####
#.)....# #.#@##.....
#$#o# ##.# . ... ##.#.#.
#.#.#.. . ... .# #. ###
## #


You could see an orc priest.

Vanquished Creatures
  Crazy Yiuf (D:2)
  An adder (D:2)
  2 worms (D:2)
  2 dart slugs
  A giant gecko (D:2)
  3 orcs (D:3)
  4 bats
  3 giant cockroaches
  8 goblins
  5 hobgoblins
  5 giant newts (D:1)
  2 kobolds
  14 rats
51 creatures vanquished.

Notes
Turn   | Place    | Note
--------------------------------------------------------------
     0 | D:1      | Galewin the Minotaur Berserker began the quest for the Orb.
     0 | D:1      | Reached XP level 1. HP: 19/19 MP: 0/0
    55 | D:1      | Reached skill level 4 in Axes
   114 | D:1      | Reached XP level 2. HP: 25/26 MP: 1/1
   803 | D:2      | Found an oddly glowing altar of Pakellas.
   810 | D:2      | Reached skill level 5 in Axes
   814 | D:2      | Reached XP level 3. HP: 31/31 MP: 2/2
   833 | D:2      | Reached ** piety under Trog
  1151 | D:2      | Noticed Crazy Yiuf
  1154 | D:2      | Killed Crazy Yiuf
  1154 | D:2      | Reached skill level 6 in Axes
  1154 | D:2      | Reached XP level 4. HP: 39/39 MP: 3/3
  1336 | D:3      | Killed from afar by an orc priest

Skill      XL: |  1  2  3 |
---------------+----------+-----
Axes           | 4 5 6 |  6.4
Fighting       | |  3.6
Armour         | |  2.4
Dodging        | |  2.1

Action                   |  1- 3 |  4- 6 || total
-------------------------+-------+-------++-------
Melee: Hand axe          |    77 |    24 ||   101
       Headbutt          |     9 |     1 ||    10
Invok: Berserk           |     1 |     1 ||     2
  Eat: Chunk             |     1 |     1 ||     2
Armor: Animal skin       |     4 |       ||     4
       Scale mail        |    26 |     9 ||    35
Dodge: Dodged            |    47 |     8 ||    55
